 Dungeon Crawl Stone Soup version 0.31-a0-210-gccc998df9b (webtiles) character file.

Game seed: 12917109479465543217

34 qw the Shooter (level 3, -2/21 HPs)
             Began as a Gargoyle Hexslinger on June 29, 2023.
             Slain by a gnoll
             ... wielding a +0 flail
              (7 damage)
             ... on level 2 of the Dungeon.
             The game lasted 00:00:18 (739 turns).

qw the Shooter (Gargoyle Hexslinger)                 Turns: 739, Time: 00:00:18

Health: -2/21      AC:  8    Str: 11    XL:     3   Next: 31%
Magic:  4/4        EV: 10    Int: 13    God:
Gold:   26         SH:  0    Dex: 20    Spells: 3/4 levels left

rFire   . . .        Y - +1 sling
rCold   . . .        (no shield)
rNeg    + . .        k - +0 ring mail
rPois   inf          (no helmet)
rElec   +            (no cloak)
rCorr   .            (no gloves)
SInv    .            (no boots)
Will    .....        (no amulet)
Stlth   +            g - +6 ring of dexterity
HPRegen 0.23/turn    (no ring)
MPRegen 0.09/turn

%: no passive effects
@: no status effects
A: sickness immunity, AC +3, negative energy resistance 1, electricity
resistance, torment resistance 1, petrification resistance
a: no special abilities


You were on level 2 of the Dungeon.
You visited 1 branch of the dungeon, and saw 2 of its levels.

You collected 26 gold pieces.


Innate Abilities, Weirdness & Mutations

You are immune to sickness and miasma.
Your stone body is resilient. (AC +3)
You are immune to poison.
You resist negative energy. (rN+)
You are resistant to electric shocks. (rElec)
You are resistant to unholy torment.
You are immune to petrification.


   Skills:
 - Level 2.0 Fighting
 + Level 3.2 Ranged Weapons
 - Level 1.5 Dodging
 - Level 1.0 Spellcasting
 - Level 2.6 Hexes


You had 3 spell levels left.
You knew the following spells:

 Your Spells              Type           Power      Damage    Failure   Level
a - Slow                  Hex            28%        N/A       22%         1

Your spell library contained the following spells:

 Spells                   Type           Power      Damage    Failure   Level
 Inner Flame              Hex/Fire       4%         N/A       75%         3
 Portal Projectile        Hex/Tloc       8%         N/A       75%         3
 Cause Fear               Hex            3%         N/A       92%         4

Inventory:

Hand Weapons
 Y - a +1 sling (weapon)
Armour
 k - a +0 ring mail (worn)
Jewellery
 g - a +6 ring of dexterity (left hand)
Scrolls
 a - a scroll of teleportation {unknown}
 c - a scroll of amnesia {unknown}
Potions
 b - a potion of brilliance {unknown}
 d - a potion of mutation {unknown}
 e - a potion of attraction {unknown}
 f - a potion of haste {unknown}
 j - a potion of heal wounds {unknown}
 l - a potion of magic {unknown}

Dungeon Overview and Level Annotations

Branches:
Dungeon (2/15)

Altars:


Message History

The sling bullet hits the gnoll but does no damage.
The gnoll is lightly wounded.
The gnoll barely misses you. The hobgoblin closely misses you.
The rat bites you but does no damage.
You shoot a sling bullet. The sling bullet hits the gnoll.
The gnoll is lightly wounded.
You hear a shout!
The hobgoblin hits you but does no damage.
A gnoll comes into view. It is wielding a +0 halberd.
The gnoll hits you but does no damage. The rat bites you but does no damage.
You shoot a sling bullet.
The sling bullet barely misses the gnoll.
The hobgoblin hits you. The rat barely misses you.
The gnoll hits you with a +0 club. x2; The hobgoblin closely misses you.
The rat barely misses you.
You shoot a sling bullet. The sling bullet hits the gnoll!
The gnoll is severely wounded.
The hobgoblin barely misses you. The gnoll hits you with a +0 club.
The rat closely misses you.
You shoot a sling bullet.
The sling bullet barely misses the gnoll.
The hobgoblin closely misses you. The rat bites you but does no damage.
The gnoll hits you but does no damage. The gnoll closely misses you.
The gnoll misses you. The gnoll barely misses you.
The hobgoblin hits you but does no damage.
The rat barely misses you.
You shoot a sling bullet. The sling bullet hits the gnoll.
The gnoll is severely wounded.
The hobgoblin barely misses you.
The gnoll hits you from afar with a +0 halberd.
The gnoll hits you but does no damage. The rat bites you but does no damage.
You shoot a sling bullet. The sling bullet hits the gnoll.
The gnoll is severely wounded.
The hobgoblin hits you but does no damage.
The gnoll hits you but does no damage. The rat barely misses you.
The gnoll misses you. The gnoll hits you but does no damage.
The gnoll barely misses you. The gnoll misses you.
The hobgoblin hits you but does no damage.
The gnoll hits you with a +0 flail!
You die...

#.#######.....###
#..<............. #..##
##........
#...####.........
###......#....##...
#.....##...........
#.....#..........##
#........#........#
#g@...##.#.........
......grg...#.#.........
.....g..................
.....#.....#............
.....#.....#...........
.... #.....##.#... ...
#####.# .#.... ... .#


You could see 3 gnolls, a hobgoblin and a rat.

Vanquished Creatures
  An adder (D:2)
  2 bats (D:1)
  3 endoplasms (D:1)
  A giant cockroach (D:2)
  2 goblins (D:1)
  3 hobgoblins (D:1)
  2 quokkas
  A ball python (D:1)
  3 kobolds
  4 rats (D:1)
22 creatures vanquished.

Notes
Turn   | Place    | Note
-------+----------+-------------------------------------------
     0 | D:1      | qw the Gargoyle Hexslinger began the quest for the Orb.
     0 | D:1      | Reached XP level 1. HP: 12/12 MP: 2/2
     0 | D:1      | 0 ||| qw: Version: 0.3-a-24-ga2abf7b
     0 | D:1      | 0 ||| qw: Game counter: 6825
     0 | D:1      | 0 ||| qw: Melee chars always use a shield: true
     0 | D:1      | 0 ||| qw: God list: Okawaru
     0 | D:1      | 0 ||| qw: Allow faded altars: false
     0 | D:1      | 0 ||| qw: Do Orc after clearing Dungeon:15 true
     0 | D:1      | 0 ||| qw: Do second Lair branch before Depths: true
     0 | D:1      | 0 ||| qw: Lair rune preference: random
     0 | D:1      | 0 ||| qw: Goals: Normal
     0 | D:1      | 0 ||| PLANNING D:1-11
   117 | D:1      | Reached XP level 2. HP: 16/16 MP: 3/3
   287 | D:1      | Reached skill level 3 in Ranged Weapons
   624 | D:1      | 624 ||| UPGRADING to +0 ring mail.
   634 | D:1      | 634 ||| DROPPING +0 robe.
   635 | D:1      | 635 ||| UPGRADING to +6 ring of dexterity.
   636 | D:1      | 636 ||| READING scroll labelled BOFEUG POYTEEPN.
   637 | D:1      | 637 ||| READING scroll labelled SAFRUG OCZUICU.
   638 | D:1      | 638 ||| DROPPING scroll of poison.
   717 | D:2      | Reached XP level 3. HP: 21/21 MP: 4/4
   736 | D:2      | HP: 5/21 [gnoll/+0 club (3)]
   739 | D:2      | Slain by a gnoll

Levels and vault maps discovered:
D:1:      dpeg_arrival_rooms_a, layout_loops_ring, minmay_splitting_lines
D:2:      layout_rooms, minmay_misc_feat_diagonals

Skill      XL: |  1  2 |
---------------+-------+-----
Ranged Weapons | 3 |  3.2
Fighting       | 2 |  2.0
Dodging        | |  1.5
Spellcasting   | |  1.0
Hexes          | |  2.6

Action                     || total
---------------------------++-------
   Fire: Sling             ||    68
    Use: Scroll            ||     2
 Armour: Robe              ||     6
         Ring mail         ||    23
  Dodge: Dodged            ||    37

Table legend:
 A = Non-vault XP
 B = Vault XP
 C = Vault XP percentage of total XP
 D = Non-vault monster count
 E = Vault monster count
 F = Vault count percentage of total count
                 A         B        C        D         E       F
            +---------+---------+-------+---------+---------+-------
      Total |      49 |       0 |   0.0 |      22 |       0 |   0.0
            +---------+---------+-------+---------+---------+-------
        D:1 |      29 |       0 |   0.0 |      18 |       0 |   0.0
        D:2 |      20 |       0 |   0.0 |       4 |       0 |   0.0
            +---------+---------+-------+---------+---------+-------
